 Dungeon Crawl Stone Soup version 0.32-a0-818-gb728d0252e (webtiles) character file.

Game seed: 12336550255095604669

79 AstroCodex24 the Trooper (level 4, -5/35 HPs)
             Began as a Vampire Fighter on Mar 23, 2024.
             Slain by a troll (7 damage)
             ... on level 7 of the Dungeon.
             The game lasted 00:03:02 (695 turns).

AstroCodex24 the Trooper (Vampire Fighter)           Turns: 695, Time: 00:03:03

Health: -5/35      AC:  6    Str: 16    XL:     4   Next: 16%
Magic:  4/4        EV:  7    Int: 14    God:
Gold:   47         SH:  4    Dex: 12    Spells: 3/3 levels left

rFire   + . .        a - +0 war axe
rCold   . . .        c - +0 buckler
rNeg    . . .        b - +0 scale mail
rPois   .            (no helmet)
rElec   .            (no cloak)
rCorr   .            (no gloves)
SInv    +            (no boots)
Will    .....        (no amulet) Stlth
                     (no ring)
HPRegen 0.45/turn    (no ring)
MPRegen 0.09/turn

%: no passive effects
@: healing quickly
A: alive, fangs 3, see invisible, vampiric 2, clever 1, fire resistance 1
a: Exsanguinate


You were on level 7 of the Dungeon.
You visited 1 branch of the dungeon, and saw 7 of its levels.

You collected 47 gold pieces.

Inventory:

Hand Weapons
 a - a +0 war axe (weapon)
Armour
 b - a +0 scale mail (worn)
 c - a +0 buckler (worn)
Scrolls
 f - a scroll of teleportation {unknown}
 j - a scroll of silence {unknown}
Potions
 d - a potion of might
 e - 3 potions of resistance {unknown}
 g - a potion of mutation
 i - a potion of degeneration {unknown}


   Skills:
 + Level 3.3 Fighting
 + Level 2.5 Axes
 + Level 3.0 Armour
 + Level 0.1 Dodging
 + Level 3.0 Shields


You had 3 spell levels left.
You didn't know any spells.
Your spell library contained the following spells:

 Spells                   Type           Power      Damage    Failure   Level
 Magic Dart               Conj           0%         1d3       80%         1
 Blink                    Tloc           0%         N/A       90%         2
 Call Imp                 Summ           0%         N/A       90%         2


Dungeon Overview and Level Annotations

Branches:
Dungeon (7/15)             Temple (0/1) D:5

Altars:


Innate Abilities, Weirdness & Mutations

Your natural rate of healing is accelerated.
You have razor-sharp teeth.
You have supernaturally acute eyesight. (SInv)
You are afflicted with vampirism and can become a bat while bloodless.
Your mind is acute. (Int +4, Str/Dex -1)
Your flesh is heat resistant. (rF+)


Message History

Found a scroll labelled GAMIETS ARPHYI.
Found a stone staircase leading down.
There is a stone staircase leading down here.
j - a scroll labelled GAMIETS ARPHYI
Okay, then.
There is a stone staircase leading down here.
You climb downwards.
Found a stone staircase leading down.
There is a stone staircase leading up here.
Found a book of Movement.
There is a stone staircase leading down here.
You climb downwards.
There is a stone staircase leading up here.
A troll comes into view.
The troll shouts!
Aiming: Charm
Press: ? - help, Q - select action Shift-Dir - straight line, f - troll
Aim: a troll (chance to affect: 49%)
The troll resists with some effort.
You barely miss the troll. The troll bites you!
The troll claws you but does no damage. The troll claws you!
* * * LOW HITPOINT WARNING * * *
Aiming: Charm
Press: ? - help, Q - select action Shift-Dir - straight line, f/p - troll
Aim: a troll (chance to affect: 49%)
The troll resists with some effort.
The troll bites you but does no damage. You block the troll's attack. x2
Aiming: Charm
Press: ? - help, Q - select action Shift-Dir - straight line, f/p - troll
Aim: a troll (chance to affect: 49%)
The troll resists with some effort.
The now-empty wand crumbles to dust.
A centaur comes into view.
The troll barely misses you. The troll claws you!
* * * LOW HITPOINT WARNING * * *
The troll claws you but does no damage.
The centaur shouts!
It was a potion of mutation.
You feel extremely strange.
You feel resistant to heat.
You feel clever. The troll bites you but does no damage.
You block the troll's attack. The troll claws you!
You die...

#.# #.### # ...
....#.# #.#
#.#.#.#
#.##.#..#######
#.#.#........#
#<..# .#
##.########.#
#..........#
#########@.#
#######T.#
.........#
####.##.## #
#.# #c# #.# ..#
..#


You could see a troll and a centaur.

Vanquished Creatures
  An orc priest (D:5)
  3 adders
  A dart slug (D:1)
  A ribbon worm (D:4)
  3 ball pythons
  2 endoplasms
  A giant cockroach (D:3)
  A goblin (D:3)
  4 hobgoblins
  A quokka (D:3)
  2 kobolds
  A rat (D:3)
21 creatures vanquished.

Notes
Turn   | Place    | Note
-------+----------+-------------------------------------------
     0 | D:1      | AstroCodex24 the Vampire Fighter began the quest for the
                  | Orb.
     0 | D:1      | Reached XP level 1. HP: 17/17 MP: 1/1
   178 | D:1      | Reached XP level 2. HP: 23/23 MP: 2/2
   422 | D:3      | Gained mutation: You are afflicted with vampirism and can
                  | become a bat while bloodless. [Vampire growth]
   422 | D:3      | Reached XP level 3. HP: 23/29 MP: 3/3
   545 | D:5      | Entered Level 5 of the Dungeon
   545 | D:5      | Found a staircase to the Ecumenical Temple.
   558 | D:5      | Reached XP level 4. HP: 33/35 MP: 4/4
   686 | D:7      | Noticed a troll
   693 | D:7      | Noticed a centaur
   693 | D:7      | HP: 1/35 [troll (11)]
   695 | D:7      | Gained mutation: Your flesh is heat resistant. (rF+)
                  | [potion of mutation]
   695 | D:7      | Gained mutation: Your mind is acute. (Int +4, Str/Dex -1)
                  | [potion of mutation]
   695 | D:7      | Slain by a troll

Illustrated notes

Levels and vault maps discovered:
D:1:      minmay_arrival_up_and_down, layout_basic, serial_shops, shop
D:2:      layout_loops_ring, basic_altar
D:3:      layout_loops_ring, serial_rivers, chequers_serial_rivers_room_b,
          chequers_serial_rivers_micro_d, chequers_serial_rivers_large_a,
          chequers_serial_rivers_small_b
D:4:      layout_rooms, enter_ossuary_3, guppyfry_early_lair_pool
D:5:      layout_basic, minmay_temple_entry_proselytizer,
          uniq_crazy_yiuf_cottage, uniq_menkaure, uniq_eustachio
D:6:      layout_cave_pools, eino_tiny_chamber
D:7:      layout_loops_ring, grunt_temple_overflow_open

Skill      XL: |  1  2  3  4 |
---------------+-------------+-----
Fighting       | 3 |  3.3
Axes           | 2 |  2.5
Shields        | 3 |  3.0
Armour         | 3 |  3.0
Dodging        | |  0.1

Action                     |  1- 3 |  4- 6 || total
---------------------------+-------+-------++-------
  Melee: War axe           |    67 |     3 ||    70
         Bite              |     4 |       ||     4
  Evoke: Wand              |       |     3 ||     3
    Use: Potion            |       |     1 ||     1
 Armour: Scale mail        |    85 |    10 ||    95
  Dodge: Dodged            |    22 |     1 ||    23
  Block: Buckler           |    20 |     3 ||    23

Table legend: (Time is in decaauts)
 A = Elapsed time spent in this place.
 B = Non-inter-level travel time spent in this place.
 C = Inter-level travel time spent in this place.
 D = Time resting spent in this place.
 E = Time spent auto-exploring this place.
 F = Levels seen in this place.
 G = Mean time per level.
                   A        B        C        D        E       F      G
               +--------+--------+--------+--------+--------+-----+--------+
         Total |    724 |    724 |      0 |      0 |      0 |   7 |  103.4 |
       Dungeon |    724 |    724 |      0 |      0 |      0 |   7 |  103.4 |
               +--------+--------+--------+--------+--------+-----+--------+

Top non-repeatable levels by time:
     D:1: 222 daAuts
     D:3: 204 daAuts
     D:5: 120 daAuts
     D:4: 104 daAuts
     D:2: 37 daAuts
     D:7: 23 daAuts
     D:6: 10 daAuts
